 Dungeon Crawl Stone Soup version 0.24.0-123-gd5b16e6ec5 (webtiles) character file.

Game seed: 11069406962998619557, levelgen mode: deterministic

296 Elellon the Cleaver (level 6, -2/51 HPs)
             Began as a Hill Orc Fighter on Jan 20, 2020.
             Succumbed to Duvessa's poison
             ... on level 4 of the Dungeon.
             The game lasted 00:05:53 (3586 turns).

Elellon the Cleaver (Hill Orc Fighter)              Turns: 3586, Time: 00:05:53

Health: -2/51      AC: 12    Str: 21    XL:     6   Next: 35%
Magic:  6/6        EV:  3    Int:  8    God:
Gold:   205        SH:  9    Dex: 10    Spells: 5/5 levels left

rFire    . . .     SeeInvis .   a - +0 war axe
rCold    . . .     Gourm    .   c - +0 shield
rNeg     . . .     Faith    .   j - +0 plate armour
rPois    .         Spirit   .   (no helmet)
rElec    .         Reflect  .   (no cloak)
rCorr    .         Harm     .   g - +0 pair of gloves
MR       .....                  (no boots)
Stlth    ..........             l - amulet of the acrobat
HPRegen  0.17/turn              (no ring)
MPRegen  0.10/turn              (no ring)

@: lethally poisoned (-2 -> -42)
A: no striking features
a: no special abilities


You were on level 4 of the Dungeon.
You were near starving.

You visited 1 branch of the dungeon, and saw 4 of its levels.

You collected 205 gold pieces.

Inventory:

Hand Weapons
 a - a +0 war axe (weapon)
Missiles
 s - 118 stones (quivered)
Armour
 c - a +0 shield (worn)
 g - a +0 pair of gloves (worn)
 j - a +0 plate armour (worn)
Jewellery
 l - an amulet of the acrobat (around neck)
Scrolls
 b - 2 scrolls of remove curse
 e - 3 scrolls of identify
 i - a scroll of amnesia {unknown}
 k - a scroll of fog {unknown}
 r - 2 scrolls of enchant armour {unknown}
 t - a scroll of teleportation {unknown}
 u - a scroll of enchant weapon {unknown}
Potions
 d - a potion of might
 h - a potion of lignification {unknown}
 m - 2 potions of haste {unknown}
 n - 4 potions of curing {unknown}
 o - a potion of agility {unknown}
 p - a potion of heal wounds {unknown}
 q - 3 potions of invisibility {unknown}
 v - a potion of degeneration {unknown}
Comestibles
 f - 9 rations


   Skills:
 - Level 3.6 Fighting
 + Level 8.6 Axes
 - Level 3.2 Armour
 - Level 3.2 Shields


You had 5 spell levels left.
You didn't know any spells.
Your spell library was empty.

Dungeon Overview and Level Annotations

Branches:
Dungeon (4/15)
 Temple: D:4-7

Altars:
Qazlal
Ru

Annotations:
D:4 Dowan, Duvessa


Message History

Duvessa hits you but does no damage.
You are more poisoned.
Dowan points at you and mumbles some strange words.
The puff of flame hits you.
* * * LOW HITPOINT WARNING * * *
Your plate armour prevents you from hitting Duvessa.
Duvessa is severely wounded.
You closely miss Dowan.
* * * LOW HITPOINT WARNING * * *
You feel very sick. You block Duvessa's attack.
Dowan casts a spell.
Dowan blinks!
* * * LOW HITPOINT WARNING * * *
You feel very sick. Duvessa closely misses you.
* * * LOW HITPOINT WARNING * * *
You feel very sick.
There is a stone staircase leading up here.
You die...

## .##
..#################
..................##
...#############e..##
...# #........#.(#
..## #.######@e..#
.## ##.#.# ## #.#.#
#.............e
#............##
#..####.#.#.## #..
#.##. [. #. #.# #. ##
#.. $#


You could see Duvessa and Dowan.

Vanquished Creatures
  A centaur (D:3)
  A scorpion (D:4)
  A quasit (D:2)
  An orc priest (D:3)
  5 adders
  2 worms
  A dart slug (D:1)
  2 leopard geckos (D:2)
  3 orcs (D:3)
  5 giant cockroaches
  7 goblins
  4 hobgoblins
  2 ball pythons
  11 bats
  3 frilled lizards
  5 kobolds
  7 rats
61 creatures vanquished.

Notes
Turn   | Place    | Note
-------+----------+-------------------------------------------
     0 | D:1      | Elellon the Hill Orc Fighter began the quest for the Orb.
     0 | D:1      | Reached XP level 1. HP: 19/19 MP: 1/1
   234 | D:1      | Reached skill level 3 in Axes
   455 | D:1      | Reached XP level 2. HP: 26/26 MP: 2/2
   575 | D:1      | Reached skill level 4 in Axes
  1094 | D:2      | Found a stormy altar of Qazlal.
  1095 | D:2      | Found a sacrificial altar of Ru.
  1104 | D:2      | Reached XP level 3. HP: 29/31 MP: 3/3
  1189 | D:2      | Reached skill level 5 in Axes
  1409 | D:2      | Reached XP level 4. HP: 19/39 MP: 4/4
  1726 | D:2      | Reached skill level 6 in Axes
  2341 | D:3      | Reached XP level 5. HP: 37/45 MP: 5/5
  2349 | D:3      | Noticed a centaur
  2367 | D:3      | Killed a centaur
  2367 | D:3      | Reached skill level 7 in Axes
  2388 | D:3      | Reached skill level 8 in Axes
  2388 | D:3      | Reached XP level 6. HP: 18/51 MP: 6/6
  3567 | D:4      | Noticed Duvessa
  3567 | D:4      | Noticed Dowan
  3585 | D:4      | HP: 1/51 [poisoned by Duvessa]
  3586 | D:4      | Succumbed to Duvessa's poison

Levels and vault maps discovered:
D:1:      noname_arrival_rooms_in_the_neighbourhood, layout_basic
D:2:      layout_basic, grunt_temple_overflow_open
D:3:      layout_basic, first_ration
D:4:      layout_loops_ring, minmay_temple_entry_waves, uniq_duvessa

Skill      XL: |  1  2  3  4  5 |
---------------+----------------+-----
Axes           | 3 4 5 6 8 |  8.6
Fighting       | |  3.6
Armour         | |  3.2
Shields        | |  3.2

Action                   |  1- 3 |  4- 6 || total
-------------------------+-------+-------++-------
Melee: War axe           |   119 |   131 ||   250
  Use: Scroll            |       |     2 ||     2
  Eat: Chunk             |     2 |     5 ||     7
Armor: Scale mail        |     6 |       ||     6
       Chain mail        |    65 |    77 ||   142
       Plate armour      |       |     7 ||     7
Dodge: Dodged            |    34 |    40 ||    74
Block: Shield            |    74 |    89 ||   163
